Map: Dasan Station LE

Players

Eldred - Winner!

  • Race: Protoss Protoss
  • League: Silver

ReiZulu

  • Race: Zerg Zerg
  • League: Silver

VOD

Have the link to the VOD?

Description

Time

  • Played on: Sept. 25, 2016, 10:27 a.m.
  • Length: 13:25
Show
View Real Time Build Order
Export as new Build Order

Eldred Protoss - Winner!

Build Orders: 1 Gate Expand 

Get SALT Encoding   

  12  0:02  Probe (Chrono Boost)  
  13  0:12  Probe (Chrono Boost)  
  14  0:18  Pylon  
  14  0:23  Probe (Chrono Boost)  
  15  0:36  Probe (Chrono Boost)  
  15  0:42  Gateway  
  16  0:47  Probe (Chrono Boost)  
  17  0:50  Assimilator  
  17  0:57  Probe (Chrono Boost)  
  18  1:18  Probe (Chrono Boost)  
  19  1:26  Nexus  
  19  1:39  Probe (Chrono Boost), Cybernetics Core  
  20  1:52  Probe (Chrono Boost)  
  21  1:54  Assimilator  
  21  2:02  Pylon  
  21  2:07  Probe (Chrono Boost)  
  22  2:11  Warp Gate  
  22  2:12  Gateway  
  24  2:23  Mothership Core (Chrono Boost), Adept  
  21  2:47  Pylon  
  21  2:59  Probe (Chrono Boost)  
  21  3:00  Probe (Chrono Boost)  
  21  3:05  Adept  
  25  3:06  Adept  
  27  3:14  Pylon  
  27  3:19  Probe (Chrono Boost)  
  28  3:30  Probe (Chrono Boost)  
  28  3:32  Probe (Chrono Boost)  
  30  3:47  Twilight Council  
  30  3:48  Pylon  
  30  3:51  Probe (Chrono Boost)  
  30  3:53  Probe (Chrono Boost)  
  32  4:12  Gateway x2  
  32  4:17  Probe (Chrono Boost)  
  33  4:20  Probe (Chrono Boost)  
  33  4:24  Resonating Glaives  
  34  4:29  Adept  
  34  4:30  Adept  
  38  4:41  Probe x2 (Chrono Boost)  
  40  5:05  Robotics Facility  
  40  5:07  Adept x3  
  46  5:25  Adept  
  48  5:30  Adept x3  
  54  5:42  Probe (Chrono Boost)  
  54  5:43  Probe (Chrono Boost)  
  54  5:54  Gateway  
  54  5:56  Gateway  
  54  5:58  Probe (Chrono Boost)  
  54  5:59  Probe (Chrono Boost)  
  54  6:02  Forge  
  54  6:13  Adept x3  
  60  6:36  Warp Prism  
  62  6:40  Pylon  
  62  6:42  Pylon  
  62  6:43  Pylon  
  62  6:44  Probe (Chrono Boost)  
  62  6:45  Probe (Chrono Boost)  
  62  6:46  Gateway  
  62  7:13  Observer  
  61  7:16  Adept x4  
  69  7:23  Protoss Ground Weapons Level 1  
  69  7:39  Adept x6  
  82  7:44  Observer  
  82  8:08  Pylon  
  82  8:10  Pylon  
  82  8:11  Pylon  
  82  8:13  Pylon  
  75  8:23  Adept x6  
  85  8:27  Observer  
  85  8:45  Adept x6  
  75  9:25  Adept x6  
  75  9:26  Warp Prism  
  85  10:01  Adept  
  85  10:02  Adept x5  
  95  10:41  Adept  
  95  10:42  Adept x5  
  107  11:02  Adept  
  107  11:03  Adept x4  
  118  11:13  Probe (Chrono Boost)  
  118  11:14  Assimilator  
  118  11:18  Assimilator  
  118  11:30  Pylon  
  118  11:32  Pylon  
  118  11:33  Pylon  
  118  11:35  Pylon  
  118  11:48  Probe (Chrono Boost), Observer  
  118  11:54  Stalker x7  
  133  12:15  Photon Cannon  
  132  12:21  Zealot x4  
  138  12:29  Adept  
  140  13:22  Adept x4  
Show
View Real Time Build Order
Export as new Build Order

ReiZulu Zerg 

Build Orders: Hatch First, Lurkers 

Get SALT Encoding   

  12  0:03  Drone  
  13  0:12  Drone  
  14  0:39  Hatchery  
  13  0:53  Drone  
  13  0:54  Spawning Pool  
  13  1:01  Overlord  
  13  1:13  Extractor, Drone  
  13  1:14  Drone  
  14  1:42  Zergling x6  
  14  1:45  Queen  
  19  1:55  Queen  
  19  1:57  Drone  
  22  2:02  Drone  
  22  2:06  Overlord  
  24  2:15  Drone  
  22  3:12  Drone x3  
  25  3:17  Lair  
  25  3:23  Extractor, Drone x3  
  27  3:32  Drone  
  28  3:40  Overlord  
  28  3:52  Drone x2  
  28  3:53  Drone x2  
  32  4:00  Drone x4  
  36  4:09  Extractor  
  35  4:12  Extractor  
  34  4:22  Hydralisk Den  
  33  4:38  Hatchery  
  33  4:41  Zergling x10  
  33  4:42  Spine Crawler  
  33  4:43  Spine Crawler  
  35  4:50  Drone x5  
  40  4:59  Burrow  
  40  5:01  Lurker Den  
  40  5:07  Spore Crawler  
  40  5:10  Spore Crawler  
  38  5:14  Spine Crawler  
  37  5:40  Hydralisk x4  
  37  5:41  Hydralisk  
  42  5:46  Spine Crawler  
  41  5:56  Hydralisk x3  
  36  6:18  Zergling x4  
  37  6:39  Lurker  
  33  6:49  Hydralisk x3  
  37  7:15  Lurker  
  37  7:19  Queen  
  37  7:20  Drone  
  37  7:21  Drone x2  
  40  7:52  Spore Crawler, Lurker  
  40  7:53  Lurker  
  40  7:56  Queen  
  43  8:00  Overlord x2  
  42  8:28  Hydralisk x3  
  42  8:29  Hydralisk  
  50  8:40  Drone x4  
  50  8:41  Drone x2  
  56  8:46  Extractor  
  56  8:47  Extractor  
  29  9:25  Hydralisk x5  
  29  9:26  Hydralisk  
  30  10:18  Spore Crawler  
  3  11:15  Hatchery  
  2  11:50  Drone  
  1  12:32  Drone  
  2  12:40  Hatchery  
Tags
 
Add a new tag
Caveats
  • Supply blocks, unpowered buildings, or Contaminate may cause inaccurate times.
  • Supply counts are checked every 10 seconds.